 Dungeon Crawl Stone Soup version 0.27-a0-695-gb4952372f7 (webtiles) character file.

Game seed: 1675020821157252492

21 sahdkjhfkaj the Insei (level 2, -2/22 HPs)
             Began as a Merfolk Transmuter on Mar 21, 2021.
             Slain by a kobold
             ... wielding a +0 club
              (4 damage)
             ... on level 1 of the Dungeon.
             The game lasted 00:01:05 (674 turns).

sahdkjhfkaj the Insei (Merfolk Transmuter)           Turns: 674, Time: 00:01:05

Health: -2/22      AC:  2    Str: 10    XL:     2   Next: 83%
Magic:  3/5        EV: 13    Int: 12    God:
Gold:   23         SH:  0    Dex: 14    Spells: 4/5 levels left

rFire    . . .     SeeInvis .     - Unarmed
rCold    . . .     Faith    .   (no shield)
rNeg     . . .     Spirit   .   a - +0 robe
rPois    .         Reflect  .   (helmet currently unavailable)
rElec    .         Harm     .   (no cloak)
rCorr    .         Rampage  .   (no gloves)
Will     .....                  (boots currently unavailable)
Stlth    +.........             (no amulet)
HPRegen  0.07/turn              (no ring)
MPRegen  0.09/turn              (no ring)

@: appendages
A: horns 2, (nimble swimmer 2), mertail
a: End Transformation


You were on level 1 of the Dungeon.
You had temporarily grown beastly horns.
You visited 1 branch of the dungeon, and saw 1 of its levels.

You collected 23 gold pieces.

Inventory:

Armour
 a - a +0 robe (worn)
Scrolls
 b - a scroll of identify {unknown}
Potions
 c - a potion of heal wounds {unknown}


   Skills:
 - Level 2.0 Fighting
 - Level 3.0 Dodging
 + Level 3.7 Unarmed Combat
 - Level 2.0 Spellcasting
 - Level 3.0 Transmutations


You had 4 spell levels left.
You knew the following spells:

 Your Spells              Type           Power      Damage    Failure   Level
a - Beastly Appendage     Tmut           16%        N/A       8%          1

Your spell library contained the following spells:

 Spells                   Type           Power      Damage    Failure   Level
 Wereblood                Tmut           8%         N/A       12%         2
 Spider Form              Tmut/Pois      2%         N/A       41%         3
 Ice Form                 Ice/Tmut       4%         N/A       82%         4
 Blade Hands              Tmut           4%         N/A       91%         5


Dungeon Overview and Level Annotations

Branches:
Dungeon (1/15)

Altars:


Innate Abilities, Weirdness & Mutations

You have temporarily grown beastly horns.
((You are quick and stealthy while swimming. (Stealth+, EV+, Speed+++)))
Your lower body shifts to a powerful aquatic tail in water.


Message History

The goblin shouts!
You hear a shout! x3
A hobgoblin comes into view. It is wielding a +0 club.
The rat moves out of view.
Found 4 poisoned darts.
There are monsters nearby!
There are monsters nearby!
You extend your transformation's duration.
A kobold comes into view. It is wielding a +0 club.
A hobgoblin comes into view. It is wielding a +0 club.
The hobgoblin hits you with a +0 club! The goblin barely misses you.
There is an open door, spattered with blood here.
You hit the goblin.
You kill the goblin!
The hobgoblin misses you.
You hit the hobgoblin. The hobgoblin hits you with a +0 club.
You hit the hobgoblin. The hobgoblin hits you with a +0 club!
* * * LOW HITPOINT WARNING * * *
You barely miss the hobgoblin. The hobgoblin misses you.
Unknown command.
Here: a kobold, wielding a +0 club and quivering stones An open door, spattered with blood.
You hit the hobgoblin but do no damage.
Your transformation is almost over.
The hobgoblin barely misses you.
You hit the hobgoblin.
You kill the hobgoblin!
Unknown command.
You barely miss the kobold. The kobold misses you.
Unknown command.
There is a large open door here.
There is a large open door here.
You extend your transformation's duration.
The hobgoblin hits you with a +0 club.
* * * LOW HITPOINT WARNING * * *
You hit the hobgoblin.
You kill the hobgoblin!
Training target 2.0 for Fighting reached!
Your Fighting skill increases to level 2!
You hit the rat but do no damage. The rat closely misses you.
You barely miss the rat. Your headbutt misses the rat.
Your transformation is almost over.
The rat misses you.
You hit the rat. You headbutt the rat.
You kill the rat!
You extend your transformation's duration.
The kobold hits you with a +0 club.
* * * LOW HITPOINT WARNING * * *
You hit the kobold but do no damage. Your headbutt misses the kobold.
The kobold hits you with a +0 club.
You die...

########## #........# #########
#........# ###.......#
#........# #.+.......#
#........######.#.......#
#........##.....#....(..#
#####..).....##.....#.#########
+...'........K@..†.............
#####........##....#####..#....
#............### #....##.#.
#...)....##### #.#.###...
###'###### #.#.# ###. #(...# .
#.# #. ......# ## #.# #.
.......... #.# #. ...........
#####'#####.


You could see a kobold.

Vanquished Creatures
  A dart slug (D:1)
  2 leopard geckos (D:1)
  3 goblins (D:1)
  3 hobgoblins (D:1)
  2 kobolds (D:1)
  2 frilled lizards (D:1)
  2 rats (D:1)
15 creatures vanquished.

Notes
Turn   | Place    | Note
-------+----------+-------------------------------------------
     0 | D:1      | sahdkjhfkaj the Merfolk Transmuter began the quest for the
                  | Orb.
     0 | D:1      | Reached XP level 1. HP: 15/15 MP: 3/3
     2 | D:1      | Noticed an ogre
     2 | D:1      | Noticed a demonspawn
     6 | D:1      | Noticed a spriggan
     6 | D:1      | Noticed a merfolk
     8 | D:1      | Noticed a troll
     8 | D:1      | Noticed a felid
    10 | D:1      | Noticed a ghoul
    10 | D:1      | Noticed a minotaur
    12 | D:1      | Noticed a vine stalker
    12 | D:1      | Noticed a halfling
    14 | D:1      | Noticed a vampire
    14 | D:1      | Noticed a gargoyle
    16 | D:1      | Noticed a demigod
    16 | D:1      | Noticed a human
    18 | D:1      | Noticed a tengu
    18 | D:1      | Noticed an elf
    20 | D:1      | Noticed a dwarf
    20 | D:1      | Noticed a naga
    22 | D:1      | Noticed a centaur
    22 | D:1      | Noticed a draconian
    24 | D:1      | Noticed a formicid
    26 | D:1      | Noticed an octopode
   295 | D:1      | Reached XP level 2. HP: 21/21 MP: 3/5
   674 | D:1      | Slain by a kobold

Illustrated notes

Levels and vault maps discovered:
D:1:      kb_arrival_jail, layout_basic

Skill      XL: |  1  2 |
---------------+-------+-----
Dodging        | 3 |  3.0
Transmutations | 3 |  3.0
Fighting       | 2 |  2.0
Unarmed Combat | |  3.7
Spellcasting   | |  2.0

Action                   || total
-------------------------++-------
Melee: Unarmed           ||    47
       Headbutt          ||    10
 Cast: Beastly Appendage ||    17
Armor: Robe              ||     3
Dodge: Dodged            ||    29

Table legend: (Time is in decaauts)
 A = Elapsed time spent in this place.
 B = Non-inter-level travel time spent in this place.
 C = Inter-level travel time spent in this place.
 D = Time resting spent in this place.
 E = Time spent auto-exploring this place.
 F = Levels seen in this place.
 G = Mean time per level.
                   A        B        C        D        E       F      G
               +--------+--------+--------+--------+--------+-----+--------+
         Total |    671 |    671 |      0 |      0 |    560 |   1 |  671.0 |
       Dungeon |    671 |    671 |      0 |      0 |    560 |   1 |  671.0 |
               +--------+--------+--------+--------+--------+-----+--------+

Top non-repeatable levels by time:
     D:1: 671 daAuts
